 Dungeon Crawl Stone Soup version 0.30-a0-335-ge5acde7520 (webtiles) character file.

Game seed: 10833675401655130133

63 twist the Vexing (level 4, -9/33 (34) HPs)
             Began as a Gnoll Hexslinger on Oct 30, 2022.
             Mangled by a hell rat (16 damage)
             ... in a sewer.
             The game lasted 00:04:10 (1726 turns).

twist the Vexing (Gnoll Hexslinger)                 Turns: 1726, Time: 00:04:10

HP:   -9/33 (34)    AC:  4    Str:  9    XL:     4   Next: 10%
MP:   8/8           EV: 12    Int: 14    God:
Gold: 113           SH:  4    Dex: 13    Spells: 8/9 levels left

rFire   + . .      SeeInvis .    g - +0 short sword
rCold   . . .      Faith    .    m - +0 buckler
rNeg    . . .      Spirit   .    o - +0 leather armour
rPois   .          Reflect  .    d - +0 helmet
rElec   .          Harm     .    (no cloak)
rCorr   .          Rampage  .    (no gloves)
Will    .....                    (no boots)
Stlth   +.........               (no amulet)
HPRegen 0.25/turn                j - ring of protection from fire
MPRegen 0.11/turn                (no ring)

@: lightly drained, very slow
A: fangs 1, strong nose, distributed training
a: no special abilities


You were in a sewer.
You visited 1 branch of the dungeon, and saw 3 of its levels.
You also visited: Sewer.

You collected 113 gold pieces.

Inventory:

Hand Weapons
 a - a +2 sling
 g - a +0 short sword (weapon)
Armour
 c - a +0 robe
 d - a +0 helmet (worn)
 m - a +0 buckler (worn)
 o - a +0 leather armour (worn)
 p - +0 gold dragon scales
Jewellery
 j - a ring of protection from fire (left hand)
Wands
 k - a wand of iceblast (2)
Scrolls
 b - a scroll of poison
 h - a scroll of teleportation {unknown}
Potions
 e - a potion of mutation {unknown}
 f - a potion of heal wounds {unknown}
 i - a potion of invisibility {unknown}
 n - a potion of attraction


   Skills:
 + Level 2.7 Fighting
 + Level 1.1 Short Blades
 + Level 1.1 Long Blades
 + Level 1.1 Axes
 + Level 1.1 Maces & Flails
 + Level 1.1 Polearms
 + Level 1.1 Staves
 + Level 4.6 Ranged Weapons
 + Level 1.1 Throwing
 + Level 1.1 Armour
 + Level 4.6 Dodging
 + Level 1.1 Stealth
 + Level 1.1 Shields
 + Level 1.1 Unarmed Combat
 + Level 3.0 Spellcasting
 + Level 0.8 Conjurations
 + Level 5.4 Hexes
 + Level 0.8 Summonings
 + Level 0.8 Necromancy
 + Level 0.8 Translocations
 + Level 0.8 Transmutations
 + Level 0.8 Fire Magic
 + Level 0.8 Ice Magic
 + Level 0.8 Air Magic
 + Level 0.8 Earth Magic
 + Level 0.8 Poison Magic
 + Level 1.2 Invocations
 + Level 1.1 Evocations


You had 8 spell levels left.
You knew the following spells:

 Your Spells              Type           Power      Damage    Failure   Level
a - Slow                  Hex            68%        N/A       4%          1

Your spell library contained the following spells:

 Spells                   Type           Power      Damage    Failure   Level
 Apportation              Tloc           8%         N/A       28%         1
 Inner Flame              Hex/Fire       11%        N/A       32%         3
 Portal Projectile        Hex/Tloc       22%        N/A       32%         3
 Cause Fear               Hex            8%         N/A       38%         4
 Call Canine Familiar     Summ           4%         N/A       63%         3
 Leda's Liquefaction      Hex/Erth       5%         N/A       71%         4
 Alistair's Intoxication  Tmut/Pois      2%         N/A       100%        5


Dungeon Overview and Level Annotations

Branches:
Dungeon (3/15)              Sewer (1/1)

Altars:

Shops:
D:2 *


Innate Abilities, Weirdness & Mutations

You have very sharp teeth.
Your uncanny sense of smell can sniff out nearby items.
Your experience applies equally to all skills.


Message History

You shoot a sling bullet. The sling bullet hits the rat.
You kill the rat!
Your Spellcasting skill increases to level 3!
A rat comes into view.
A rat is nearby!
You shoot a sling bullet. The sling bullet hits the rat.
You kill the rat!
As you open the door, it creaks loudly!
A hell rat comes into view.
The hell rat roars deafeningly!
Found six items.
Found a gate leading back out of this place.
A hell rat is nearby!
You shoot a sling bullet.
The sling bullet barely misses the hell rat.
You shoot a sling bullet. The sling bullet hits the hell rat.
The hell rat is moderately wounded.
You shoot a sling bullet. The sling bullet hits the hell rat.
The hell rat is severely wounded.
The hell rat bites you.
You feel drained.
You shoot a sling bullet.
The sling bullet hits the hell rat but does no damage.
The hell rat is severely wounded.
You block the hell rat's attack. The hell rat bites you!
* * * LOW HITPOINT WARNING * * *
You shoot a sling bullet.
The sling bullet closely misses the hell rat.
The hell rat bites you!
* * * LOW HITPOINT WARNING * * *
You are too injured to fight recklessly!
You are too injured to fight recklessly!
You are too injured to fight recklessly!
You are too injured to fight recklessly!
You are too injured to fight recklessly!
You are too injured to fight recklessly!
You are too injured to fight recklessly!
Unknown command.
g - a +0 short sword (weapon)
The hell rat bites you!
You die...

###~~.~.∩~~~~~#
#.~.~.#####.~..~
##~..###!∩!###.~.
#~.~##~!!(?!~# ..
#.~~# ..~~~.~ ~
#~~~## ~~~~~ .
##.~~###.~~ ~~.
#~~†..##r##†..†~
###..~~~@~~~~~#
###~~...~.###
#########


You could see a hell rat.

Vanquished Creatures
  2 adders
  A dart slug (D:1)
  5 bats
  2 endoplasms
  2 goblins
  5 hobgoblins
  4 jackals (D:1)
  4 kobolds
  A quokka (D:2)
  4 ball pythons
  A frilled lizard (D:2)
  14 rats
45 creatures vanquished.

Vanquished Creatures (others)
  A fungus (D:3)
  A plant (D:3)
2 creatures vanquished.

Grand Total: 47 creatures vanquished

Notes
Turn   | Place    | Note
-------+----------+-------------------------------------------
     0 | D:1      | twist the Gnoll Hexslinger began the quest for the Orb.
     0 | D:1      | Reached XP level 1. HP: 17/17 MP: 4/4
   121 | D:1      | Reached XP level 2. HP: 23/23 MP: 5/5
   819 | D:2      | Reached XP level 3. HP: 28/28 MP: 7/7
   981 | D:2      | Found Dequheol's General Store.
   983 | D:2      | Reached skill level 1 in Invocations
  1477 | D:3      | Reached skill level 1 in Short Blades
  1477 | D:3      | Reached skill level 1 in Long Blades
  1477 | D:3      | Reached skill level 1 in Axes
  1477 | D:3      | Reached skill level 1 in Maces & Flails
  1477 | D:3      | Reached skill level 1 in Polearms
  1477 | D:3      | Reached skill level 1 in Staves
  1477 | D:3      | Reached skill level 1 in Throwing
  1477 | D:3      | Reached skill level 1 in Armour
  1477 | D:3      | Reached skill level 1 in Stealth
  1477 | D:3      | Reached skill level 1 in Shields
  1477 | D:3      | Reached skill level 1 in Unarmed Combat
  1477 | D:3      | Reached skill level 1 in Evocations
  1528 | D:3      | Found a faded altar of an unknown god.
  1559 | D:3      | Reached XP level 4. HP: 19/34 MP: 8/8
  1651 | D:3      | Found a glowing drain.
  1663 | Sewer    | Entered a sewer
  1726 | Sewer    | Mangled by a hell rat

Illustrated notes

Levels and vault maps discovered:
D:1:      co_arrival_square_in_a_square_in_a_square, layout_basic,
          minmay_shallow_snake_nest
D:2:      layout_rooms, serial_shops, shop, minmay_distorted
D:3:      layout_loops_cross, cheibrodos_sewer_entry_bend,
          shapermc_ecumenical_altar_gd, minmay_lizard_king
Sewer:    sewer_hellmonk_bad_rat

Skill      XL: |  1  2  3  4 |
---------------+-------------+-----
Invocations    | 1 |  1.2
Short Blades   | 1 |  1.1
Long Blades    | 1 |  1.1
Axes           | 1 |  1.1
Maces & Flails | 1 |  1.1
Polearms       | 1 |  1.1
Staves         | 1 |  1.1
Throwing       | 1 |  1.1
Armour         | 1 |  1.1
Stealth        | 1 |  1.1
Shields        | 1 |  1.1
Unarmed Combat | 1 |  1.1
Evocations     | 1 |  1.1
Spellcasting   | 3 |  3.0
Fighting       | |  2.7
Ranged Weapons | |  4.6
Dodging        | |  4.6
Conjurations   | |  0.8
Hexes          | |  5.4
Summonings     | |  0.8
Necromancy     | |  0.8
Translocations | |  0.8
Transmutations | |  0.8
Fire Magic     | |  0.8
Ice Magic      | |  0.8
Air Magic      | |  0.8
Earth Magic    | |  0.8
Poison Magic   | |  0.8

Action                   |  1- 3 |  4- 6 || total
-------------------------+-------+-------++-------
Melee: Short sword       |     5 |       ||     5
 Fire: Sling             |   103 |    21 ||   124
 Cast: Slow              |     4 |       ||     4
  Use: Scroll            |     4 |       ||     4
Armor: Robe              |    16 |       ||    16
       Leather armour    |     1 |     2 ||     3
Dodge: Dodged            |    44 |     9 ||    53
Block: Buckler           |     2 |     5 ||     7

Table legend: (Time is in decaauts)
 A = Elapsed time spent in this place.
 B = Non-inter-level travel time spent in this place.
 C = Inter-level travel time spent in this place.
 D = Time resting spent in this place.
 E = Time spent auto-exploring this place.
 F = Levels seen in this place.
 G = Mean time per level.
                   A        B        C        D        E       F      G
               +--------+--------+--------+--------+--------+-----+--------+
         Total |   1755 |   1598 |    157 |    104 |   1075 |   4 |  438.8 |
       Dungeon |   1682 |   1525 |    157 |    104 |   1040 |   3 |  560.7 |
         Sewer |     73 |     73 |      0 |      0 |     35 |   1 |   73.0 |
               +--------+--------+--------+--------+--------+-----+--------+

Top non-repeatable levels by time:
     D:1: 823 daAuts
     D:2: 603 daAuts
     D:3: 256 daAuts
   Sewer: 73 daAuts
